 Dungeon Crawl Stone Soup version 0.19-a0-1740-g0bcaf2e (webtiles) character file.

11 Amnesiac the Digger (level 2, -1/19 HPs)
             Began as a Mummy Earth Elementalist on Oct 2, 2016.
             Slain by a jackal (2 damage)
             ... on level 1 of the Dungeon.
             The game lasted 00:01:09 (291 turns).

Amnesiac the Digger (Mummy Earth Elementalist)       Turns: 291, Time: 00:01:09

Health: -1/19      AC:  2    Str: 11    XL:     2   Next: 17%
Magic:  0/5        EV: 12    Int: 14    God:
Gold:   0          SH:  0    Dex: 12    Spells: 1 memorised, 4 levels left

rFire  x . .     SeeInvis .     b - 26 stones
rCold  + . .     Gourm    .     c - +0 robe
rNeg   + + +     Faith    .     (no shield)
rPois  ∞         Spirit   .     (no helmet)
rElec  .         Dismiss  .     (no cloak)
rCorr  .         Reflect  .     (no gloves)
MR     .....     Harm     .     (no boots)
Stlth  ++........               a - amulet of inaccuracy
                                (no ring)
                                (no ring)

@: no status effects
A: no food or potions, fire vulnerability, cold resistance 1, negative energy
resistance 3, torment resistance, unbreathing
a: no special abilities


You were on level 1 of the Dungeon.
You were not hungry.

You visited 1 branch of the dungeon, and saw 2 of its levels.

Inventory:

Hand Weapons
 e - a +0 mace
 f - a +0 dagger
Missiles
 b - 26 stones (in hand)
Armour
 c - a +0 robe (worn)
Jewellery
 a - an amulet of inaccuracy (around neck)
Scrolls
 h - 2 scrolls of teleportation
Books
 d - a book of Geomancy

   Spells                             Type                      Level
   a - Sandblast                      Earth                        1
   b - Passwall                       Transmutation/Earth          2
   c - Stone Arrow                    Conjuration/Earth            3
   d - Petrify                        Transmutation/Earth          4
   e - Lee's Rapid Deconstruction     Earth                        5


   Skills:
 - Level 1.5 Dodging
 - Level 1.5 Stealth
 - Level 2.0 Spellcasting
   Level 0.7 Transmutations
 + Level 3.0 Earth Magic


You had 4 spell levels left.
You knew the following spells:

 Your Spells              Type           Power        Failure   Level  Hunger
f - Sandblast             Erth           #.....       10%         1    N/A

Dungeon Overview and Level Annotations

Branches:
Dungeon (2/15)

Altars:


Innate Abilities, Weirdness & Mutations

You do not eat or drink.
Your flesh is vulnerable to fire.
You are immune to poison.
Your flesh is cold resistant. (rC+)
You are immune to negative energy. (rN+++)
You are immune to unholy pain and torment.
You can survive without breathing.


Message History

Press: ? - help, Shift-Dir - straight line, f/p - jackal
Aim: a jackal The rocky blast misses the jackal.
The rocky blast hits the hobgoblin.
You kill the hobgoblin!
The jackal bites you.
* * * LOW HITPOINT WARNING * * *
The jackal bites you.
* * * LOW HITPOINT WARNING * * *
You see here a ball python corpse.
The jackal bites you.
* * * LOW HITPOINT WARNING * * *
You see here a frilled lizard skeleton.
The jackal bites you but does no damage.
Casting: Sandblast
Confirm with . or Enter, or press ? or * to list all spells.
Aiming: Sandblast
Press: ? - help, Shift-Dir - straight line, f/p - jackal
Aim: a jackal The rocky blast misses the jackal.
The jackal bites you.
You die...

#......)# #. #.......# #.###
###.......# #... ..#.####### #..#
#.#.# #..######.#.#
###############..#....#.#.#
.............%#..#.##.#.#.#######
..).............@h..÷..†..).....>
####.###....#....#.##.....######.
#.# #.##.####.#.######........
#.# #.##.# #.#.# #........ #.#
#.##.# #.#.# #........
###.###.##.# #.#.# #........
#....##.#... ..#.# ########.
#....# ##. ....# #. ##....##. ..
#.


You could see a jackal.

Vanquished Creatures
  A bat (D:1)
  2 hobgoblins (D:1)
  3 jackals (D:1)
  2 kobolds (D:1)
  A ball python (D:1)
  A frilled lizard (D:1)
10 creatures vanquished.

Notes
Turn   | Place    | Note
-------+----------+-------------------------------------------
     0 | D:1      | Amnesiac the Mummy Earth Elementalist began the quest for the Orb.
     0 | D:1      | Reached XP level 1. HP: 13/13 MP: 3/3
   240 | D:1      | Reached XP level 2. HP: 15/19 MP: 0/5
   260 | D:1      | Reached skill level 3 in Earth Magic
   291 | D:1      | Slain by a jackal

Vault maps used:
D:1:      minmay_arrival_diagonal_passages
D:2:      lemuel_coloured_pillars_altar, first_bread, minmay_rats_cheesy_pizza,
          uniq_robin, uniq_sigmund

Skill      XL: |  1  2 |
---------------+-------+-----
Earth Magic    | 3 |  3.0
Dodging        | |  1.5
Stealth        | |  1.5
Spellcasting   | |  2.0
Transmutations | |  0.7

Action                   || total
-------------------------++-------
Melee: Mace              ||     4
 Cast: Sandblast         ||    17
  Use: Scroll            ||     3
Armor: Robe              ||     7
Dodge: Dodged            ||    20
